[Event "Late-Titled-Tuesday-Blitz-August-29-2023"]
[Site "Chess.com"]
[Date "2023.08.29"]
[Round "6"]
[White "PepeCuenca"]
[Black "Piotrek1979"]
[Result "1-0"]
[WhiteElo "2718"]
[BlackElo "2466"]
[TimeControl "180+1"]
[EndTime "15:05:44 PDT"]
[Termination "PepeCuenca won on time"]

1. e4 d6 2. d4 Nf6 3. Nc3 Nc6 4. Nge2 g6 5. g3 Bg4 6. Bg2 Bg7 7. h3 Bd7 8. Be3 Qc8 9. Qd2 h5 10. O-O-O b5 11. Nxb5 Rb8 12. c4 a6 13. Nbc3 Na5 14. Qd3 Rb4 15. b3 Qb8 16. e5 Bf5 17. exf6 Bxd3 18.
fxg7 Rg8 19. Rxd3 Rxg7 20. Nd5 Rb7 21. Bd2 Nxc4 22. Bc3 Na3 23. Bb2 Nb5 24. Re1 a5 25. Nec3 c6 26. Nxb5 Rxb5 27. Nxe7 Kf8 28. Nxc6 Qc7 29. d5 f6 30. Rde3 Rf7 31. Kb1 Kg7 32.
a4 Rc5 33. Bd4 Qb6 34. Bxc5 Qxc5 35. R1e2 Qa3 36. Be4 Rb7 37. Bc2 Kh6 38. g4 Qxa4 39.
g5+ 1-0

[Event "Late-Titled-Tuesday-Blitz-August-29-2023"]
[Site "Chess.com"]
[Date "2023.08.29"]
[Round "6"]
[White "Chessdreamer2020"]
[Black "DenizSeyhanoglu1"]
[Result "1-0"]
[WhiteElo "2519"]
[BlackElo "2313"]
[TimeControl "180+1"]
[EndTime "15:05:44 PDT"]
[Termination "Chessdreamer2020 won by checkmate"]

1. e4 d5 2. exd5 Qxd5 3. Nf3 Bg4 4.
Be2 Nf6 5. h3 Bh5 6. d4 c6 7. c4 Qa5+ 8. Nc3 e6 9. O-O Bd6 10.
Qb3 Qb6 11. Qc2 Qc7 12. Bg5 Nbd7 13. Rad1 h6 14. Be3 O-O 15. Rfe1 Rad8 16. a3 Bg6 17. Qc1 Qb8 18. b4 Rfe8 19. Qb2 e5 20. c5 Bc7 21. d5 cxd5 22. Nxd5 Nxd5 23. Rxd5 Nf6 24. Rxd8 Rxd8 25. Rd1 Rxd1+ 26. Bxd1 Be4 27. Nd2 Bd5 28. Bb3 Qd8 29. a4 Bxb3 30. Qxb3 Qd5 31. Qc2 a6 32. b5 axb5 33. axb5 Ba5 34. Nc4 Bc7 35.
b6 Bd8 36. Na5 Nd7 37. Nxb7 Qxb7 38. c6 Qc8 39. b7 Qc7 40. cxd7 Qxc2 41. b8=Q Qd1+ 42.
Kh2 Qxd7 43. Bb6 Kh7 44. Qxd8 Qf5 45. Qd2 e4 46. Be3 h5 47. h4 Qg4 48. g3 Qf3 49. Bf4 g6 50. Qe3 Qd1 51. Be5 Qc2 52. Qf4 Kg8 53.
Qf6 Kf8 54. Qd8# 1-0

[Event "Late-Titled-Tuesday-Blitz-August-29-2023"]
[Site "Chess.com"]
[Date "2023.08.29"]
[Round "6"]
[White "Petukhov_Dmitry"]
[Black "rachidhuilda"]
[Result "1/2-1/2"]
[WhiteElo "2521"]
[BlackElo "2364"]
[TimeControl "180+1"]
[EndTime "15:05:47 PDT"]
[Termination "Game drawn - insufficient material"]

1. e4 d5 2. exd5 Qxd5 3. c4 Qe4+ 4. Qe2 Nf6 5. Nc3 Qxe2+ 6. Ngxe2 e5 7. d4 exd4 8. Nxd4 Bb4 9. Bd2 O-O 10. O-O-O Bd7 11.
Bd3 Na6 12. a3 Bc5 13. Nf5 Bxf5 14. Bxf5 Bxf2 15. g4 Nc5 16. g5 Ne8 17. Kc2 Nd6 18. Bg4 Nde4 19. Bf4 Nxc3 20. Kxc3 Ne4+ 21. Kc2 Bb6 22.
Bg3 Nxg3 23. hxg3 Rfd8 24. Rde1 Re8 25. Rd1 Rad8 26. Bd7 Re2+ 27. Kb1 Re7 28. Bf5 Rxd1+ 29. Rxd1 g6 30. Bc8 c6 31. Rd3 Be3 32. Bxb7 Rxb7 33. Rxe3 Kf8 34. Kc2 Re7 35. Rxe7 Kxe7 36. Kd3 f6 37.
gxf6+ Kxf6 38. Ke4 h5 39. b4 g5 40. b5 cxb5 41. cxb5 Ke6 42. a4 h4 43. a5 Kd6 44.
gxh4 gxh4 45. Kf4 Kc5 46. b6 Kc6 47. bxa7 Kb7 48. Kg4 Ka8 49. Kxh4 Kxa7 50. Kg3 Ka6 51. Kf3 Kxa5 1/2-1/2

[Event "Late-Titled-Tuesday-Blitz-August-29-2023"]
[Site "Chess.com"]
[Date "2023.08.29"]
[Round "6"]
[White "XDPS"]
[Black "NigelDwarf"]
[Result "1-0"]
[WhiteElo "2877"]
[BlackElo "2557"]
[TimeControl "180+1"]
[EndTime "15:05:49 PDT"]
[Termination "XDPS won by resignation"]

1. e4 c5 2. Nf3 d6 3. d4 Nf6 4.
Nc3 cxd4 5. Nxd4 a6 6. Be2 e5 7. Nf3 Be7 8. Bg5 Be6 9. Bxf6 Bxf6 10. O-O O-O 11. Nd5 Nd7 12. Bc4 Rc8 13. Qe2 b5 14. Bb3 Nc5 15. Rfd1 Bg5 16. c3 Kh8 17. Bc2 Bg4 18. h3 Be6 19. a4 bxa4 20. Bxa4 f5 21.
exf5 Rxf5 22. Bc2 Rf7 23. b4 Nd7 24. Rxa6 Nb8 25. Rxd6 Qxd6 26. Nxg5 Rd7 27. Ne3 Qa6 28.
Qxa6 Nxa6 29. Nxe6 Re7 30. Nc5 Nxc5 31. bxc5 Rec7 32.
c4 Rxc5 33. Be4 g6 34. Rd7 R8c7 35. Rxc7 Rxc7 36. Bd5 Kg7 37. Ng4 e4 38. Ne3 Re7 39. c5 Kf6 40. c6 Ke5 41. g3 Kd6 42. Kg2 Kc5 43. h4 Kd4 44. g4 Kc5 45. Kg3 h5 46. gxh5 gxh5 47. Kf4 Re8 48. Bxe4 Rf8+ 49. Nf5 Rf6 50. Ke5 Re6+ 51. Kxe6 1-0

[Event "Late-Titled-Tuesday-Blitz-August-29-2023"]
[Site "Chess.com"]
[Date "2023.08.29"]
[Round "6"]
[White "Langusto"]
[Black "Jojo_898"]
[Result "1-0"]
[WhiteElo "2489"]
[BlackElo "2359"]
[TimeControl "180+1"]
[EndTime "15:05:49 PDT"]
[Termination "Langusto won on time"]

1. e4 d6 2. d4 Nf6 3. Nc3 g6 4. h3 c6 5. a4 Bg7 6. g4 a6 7.
Bg2 Nbd7 8. Nge2 e5 9. O-O O-O 10. Be3 Qe7 11. Ng3 Re8 12. Qd2 Nf8 13. f4 exf4 14. Bxf4 Ne6 15. Be3 c5 16. dxc5 dxc5 17. g5 Nd7 18. Nd5 Qd8 19. Qf2 Rf8 20. Nf6+ Kh8 21. Rad1 Bxf6 22. gxf6 Qb6 23. b3 Ne5 24. Rd5 Nc6 25. Rxc5 Nxc5 26. Bxc5 Qd8 27. Qf4 Rg8 28. e5 b6 29. Bxc6 Bxh3 30. Be7 Qc8 31. Bg2 Bxg2 32. Kxg2 Qxc2+ 33. Rf2 Qc6+ 34. Qe4 Qe6 35. Qf3 Qxe5 36.
Ne4 Qb8 37. Nd6 Rf8 38. Qd5 Ra7 39. Nxf7+ Rxf7 40. Qxf7 Qg8 41. Qxg8+ Kxg8 42. f7+ 1-0

[Event "Late-Titled-Tuesday-Blitz-August-29-2023"]
[Site "Chess.com"]
[Date "2023.08.29"]
[Round "6"]
[White "Good_Knight_Kiss"]
[Black "MikeSailer"]
[Result "0-1"]
[WhiteElo "2337"]
[BlackElo "2180"]
[TimeControl "180+1"]
[EndTime "15:05:50 PDT"]
[Termination "MikeSailer won on time"]

1. e4 d5 2. exd5 Qxd5 3. Nc3 Qd6 4. d4 c6 5. Nf3 Nf6 6. h3 Bf5 7. Be2 e6 8. g4 Bg6 9. Ne5 Nbd7 10. f4 Ne4 11. Bf3 Nxc3 12. bxc3 Be7 13. h4 f6 14. Nc4 Qc7 15. Qe2 Bf7 16. O-O O-O 17. a4 c5 18. d5 exd5 19. Qxe7 dxc4 20. Rd1 Rad8 21. a5 Rfe8 22. Qd6 Qc8 23. a6 bxa6 24. Qxa6 Qc7 25. Qxa7 Qc8 26. Qb7 Qxb7 27. Bxb7 Nf8 28. Rxd8 Rxd8 29.
Bf3 Ne6 30. Be3 Rb8 31. Ra7 g6 32. Bd5 Rb1+ 33. Kf2 Rb2 34. Bxc4 Rxc2+ 35. Kg3 Rxc3 36. Bxe6 Bxe6 37. Kf2 Rc2+ 38. Kf3 Rc3 0-1

[Event "Late-Titled-Tuesday-Blitz-August-29-2023"]
[Site "Chess.com"]
[Date "2023.08.29"]
[Round "6"]
[White "Fh2411"]
[Black "joksijoksi"]
[Result "1-0"]
[WhiteElo "2636"]
[BlackElo "2448"]
[TimeControl "180+1"]
[EndTime "15:05:51 PDT"]
[Termination "Fh2411 won by resignation"]

1. d4 d5 2. Nf3 Nf6 3. Bf4 c5 4. e3 Nc6 5. Nbd2 Bf5 6. dxc5 e6 7.
Nd4 Bxc5 8. Nxf5 exf5 9. c3 O-O 10. Bd3 g6 11. O-O Ne4 12. Nb3 Bb6 13. Nd4 Nxd4 14. exd4 Bc7 15. Bxc7 Qxc7 16. f3 Nd6 17. Qb3 Nc4 18.
Rfe1 Rfe8 19. Qb5 Rxe1+ 20. Rxe1 a6 21. Qb4 b5 22. Re7 Qd8 23. Bxc4 dxc4 24. Qc5 Qf8 25. Qe5 Qg7 26. f4 Rf8 27. a3 Qh6 28. g3 Qh5 29.
Qe2 Qxe2 30. Rxe2 Ra8 31. Re5 Kf8 32. Kf2 h5 33. h4 Ra7 34. Ke3 f6 35. Re6 Kf7 36. Rb6 Re7+ 37. Kf2 Ra7 38. Ke3 Re7+ 39. Kd2 Re6 40. Rb7+ Kf8 41. Rc7 Kg8 42. a4 Kf8 43. axb5 axb5 44. Rb7 g5 45. Rxb5 gxf4 46. gxf4 Re4 47.
Rxf5 Kg7 48. Rxh5 Rxf4 49. Rc5 Rxh4 50. Rxc4 Kg6 51. b4 f5 52. Rc8 f4 53. Rf8 Rh2+ 54.
Kd3 Kg5 55. b5 Kg4 56. c4 Rh3+ 57. Ke4 Re3+ 58. Kd5 f3 59. b6 Re7 60. c5 Rg7 61. c6 Rg5+ 62. Kc4 Rf5 63. Rg8+ Kf4 64. Rg1 f2 65.
Rf1 1-0

[Event "Late-Titled-Tuesday-Blitz-August-29-2023"]
[Site "Chess.com"]
[Date "2023.08.29"]
[Round "6"]
[White "GM_shahin"]
[Black "dodoucb"]
[Result "1-0"]
[WhiteElo "2719"]
[BlackElo "2453"]
[TimeControl "180+1"]
[EndTime "15:05:52 PDT"]
[Termination "GM_shahin won on time"]

1. e4 c6 2. Nf3 d5 3. Nc3 Bg4 4. h3 Bxf3 5. Qxf3 Nf6 6. Be2 e6 7.
O-O Nbd7 8. d4 dxe4 9. Nxe4 Nxe4 10. Qxe4 Nf6 11. Qd3 Be7 12. c4 O-O 13. b3 c5 14.
Bb2 cxd4 15. Bxd4 Qa5 16. Bc3 Qc7 17. Bf3 Rad8 18. Qe2 Rfe8 19. Rfd1 h6 20. Be5 Qc8 21. Qe3 b6 22. Qf4 Nd7 23. Bd6 Bxd6 24. Rxd6 Nc5 25. Rad1 Rxd6 26. Qxd6 Qb8 27. b4 Na6 28. a3 Qxd6 29.
Rxd6 Nb8 30. c5 bxc5 31. bxc5 Kf8 32. Rd4 Rc8 33. Bb7 Rxc5 34. Rd8+ Ke7 35. Rxb8 Rb5 36. g4 a5 37. Kg2 Rb3 38. a4 g5 39. f3 f5 40. gxf5 exf5 41. Rh8 Rb2+ 42. Kg3 f4+ 43. Kg4 Rg2+ 44. Kf5 1-0

[Event "Late-Titled-Tuesday-Blitz-August-29-2023"]
[Site "Chess.com"]
[Date "2023.08.29"]
[Round "6"]
[White "valemava"]
[Black "powermove"]
[Result "0-1"]
[WhiteElo "2300"]
[BlackElo "2080"]
[TimeControl "180+1"]
[EndTime "15:05:53 PDT"]
[Termination "powermove won by checkmate"]

1. e4 c5 2. a3 d6 3. b4 b6 4. d3 Nf6 5. c4 g6 6. Bb2 Bg7 7. Nf3 O-O 8. h3 Bb7 9. Be2 Nbd7 10. O-O e6 11. Re1 Qc7 12. Nc3 a6 13. Rc1 Ne5 14.
Nh2 Nc6 15. Bf1 Nd4 16. Ne2 e5 17. Bxd4 cxd4 18. Nf3 Nh5 19. Qb3 Kh8 20. Rc2 Rac8 21. Rec1 Qe7 22. c5 dxc5 23. bxc5 bxc5 24. Nd2 Bh6 25. Rb1 Ba8 26. Nc4 f5 27. f3 fxe4 28. dxe4 Rcd8 29. Qb6 d3 30. Rcb2 dxe2 31. Bxe2 Nf4 32.
Bf1 Qg5 33. Kh1 Qg3 34. Qxc5 Nxh3 35. Qxe5+ Qxe5 36. Nxe5 Bg7 37. Nxg6+ hxg6 38. gxh3 Rxf3 39. Bg2 Rf4 40. Rb8 Rff8 41. Rxd8 Rxd8 42. Rb4 Kh7 43.
Bf3 Re8 44. Kg2 Re6 45. a4 Bc6 46. Rc4 Bd7 47. h4 Kh6 48. Kg3 Be5+ 49. Kf2 Rc6 50. Rxc6 Bxc6 51. Be2 a5 52. Bb5 Bxb5 53. axb5 a4 54.
Ke3 a3 55. b6 a2 56. b7 a1=Q 57. Kf3 Qb2 58. h5 Qxb7 59. hxg6 Kxg6 60. Kg4 Bf6 61.
e5 Bxe5 62. Kh4 Qd5 63. Kg4 Qe4+ 64. Kh3 Qf3+ 65. Kh4 Qg3# 0-1

[Event "Late-Titled-Tuesday-Blitz-August-29-2023"]
[Site "Chess.com"]
[Date "2023.08.29"]
[Round "6"]
[White "vi_pranav"]
[Black "GMG"]
[Result "0-1"]
[WhiteElo "2942"]
[BlackElo "2781"]
[TimeControl "180+1"]
[EndTime "15:05:54 PDT"]
[Termination "GMG won by resignation"]

1. e4 c5 2. Nf3 Nc6 3. Bb5 Nf6 4.
Bxc6 dxc6 5. d3 Bg4 6. O-O Nd7 7. h3 Bh5 8. Nbd2 e5 9. Nc4 f6 10. c3 Be7 11. Ne3 Nf8 12. Nf5 Ne6 13. Qb3 Qd7 14.
Qxe6 Qxe6 15. Nxg7+ Kf7 16. Nxe6 Kxe6 17. g4 Bg6 18.
Be3 c4 19. dxc4 Bxe4 20. Nd2 Bd3 21. Rfe1 h5 22. g5 Rhg8 23. Kh1 Kf5 24. f4 fxg5 25.
fxe5 g4 26. Bd4 Ke6 27. Ne4 gxh3 28. b3 Rg2 29. Re3 Bxe4 30. Rxe4 c5 31. Bg1 Rag8 32. Re3 R8g3 33. Ree1 Rxc3 34. Rad1 Rxa2 35. Rd5 b6 36. Rdd1 Rxb3 37. Rf1 h2 38. Bf2 Rf3 39. Kg2 h1=Q+ 40.
Rxh1 Rfxf2+ 41. Kg1 Rg2+ 42. Kf1 Raf2+ 43. Ke1 0-1

[Event "Late-Titled-Tuesday-Blitz-August-29-2023"]
[Site "Chess.com"]
[Date "2023.08.29"]
[Round "6"]
[White "Bauman_Guy"]
[Black "BogdanDeac"]
[Result "1-0"]
[WhiteElo "2860"]
[BlackElo "3009"]
[TimeControl "180+1"]
[EndTime "15:05:55 PDT"]
[Termination "Bauman_Guy won on time"]

1. e4 c6 2. d4 d5 3. e5 Bf5 4. h4 h5 5. Bd3 Bxd3 6. Qxd3 e6 7.
Nf3 Nh6 8. Bxh6 Rxh6 9. c4 dxc4 10. Qxc4 Rg6 11. O-O Be7 12. Nc3 Nd7 13. Ne4 Rg4 14. Rfe1 Nb6 15. Qc2 Qd5 16. a4 a5 17.
g3 Rd8 18. b3 Kf8 19. Rad1 Nd7 20. Kh2 Kg8 21. Nfg5 Bxg5 22. hxg5 h4 23. Kh3 Rxe4 24.
Rxe4 hxg3 25. Kxg3 g6 26. Rh1 Kf8 27. Rh8+ Ke7 28. Rxd8 Kxd8 29. Rf4 Ke7 30. Qc3 c5 31.
Qf3 Qxf3+ 32. Kxf3 cxd4 33. Rxd4 Nxe5+ 34. Ke4 Nc6 35. Rd2 Nb4 36. f4 b6 37. Rd1 Nc6 38.
Rc1 Kd6 39. Rh1 Ke7 40. Rh8 Kd7 41. Ra8 Nd8 42. Ra7+ Kd6 43. Ra8 Nb7 44. Kd4 Nc5 45.
Kc4 1-0

[Event "Late-Titled-Tuesday-Blitz-August-29-2023"]
[Site "Chess.com"]
[Date "2023.08.29"]
[Round "6"]
[White "Dr_crypt"]
[Black "Jaka_Brilej"]
[Result "1/2-1/2"]
[WhiteElo "2337"]
[BlackElo "2506"]
[TimeControl "180+1"]
[EndTime "15:05:55 PDT"]
[Termination "Game drawn - insufficient material"]

1. d4 d5 2. c4 e6 3. Nc3 c6 4. cxd5 exd5 5. Bf4 Bf5 6. e3 Nf6 7. Qb3 Qb6 8. Nf3 Nbd7 9. Be2 Qxb3 10. axb3 Bc2 11.
Nd2 a6 12. h3 h6 13. O-O Be7 14. Rfc1 Bh7 15. g4 O-O 16. Nf3 Ne8 17. Kg2 Bd6 18. Bxd6 Nxd6 19. Nd2 Rae8 20. Na4 f5 21. Nc5 Nxc5 22.
dxc5 Nf7 23. Nf3 Ne5 24. Nxe5 Rxe5 25. Ra4 f4 26. Rc3 fxe3 27. Rxe3 Rxe3 28. fxe3 Be4+ 29. Kg3 Rf7 30. b4 g5 31. Ra1 Kg7 32. Rf1 Rxf1 33. Bxf1 Kf6 34. Kf2 Ke5 35. Ke2 d4 36. Kd2 Bg6 37. Bd3 Be4 38. exd4+ Kxd4 39. Bxe4 Kxe4 40. Kc3 Kf3 41. b5 axb5 42. Kb4 Kg3 43. Ka5 Kxh3 44. Kb6 Kxg4 45. Kxb7 h5 46. Kxc6 h4 47. Kxb5 h3 48. c6 h2 49. c7 h1=Q 50. c8=Q+ Kg3 51. Qc7+ Kf2 52. Qc5+ Kf1 53. Qxg5 Qb7+ 54. Kc5 Qxb2 55. Qf4+ Qf2+ 56. Qxf2+ Kxf2 1/2-1/2

[Event "Late-Titled-Tuesday-Blitz-August-29-2023"]
[Site "Chess.com"]
[Date "2023.08.29"]
[Round "6"]
[White "Kacparov"]
[Black "kingofthenil"]
[Result "0-1"]
[WhiteElo "2910"]
[BlackElo "2694"]
[TimeControl "180+1"]
[EndTime "15:05:56 PDT"]
[Termination "kingofthenil won on time"]

1. e4 e6 2. d4 d5 3. Nd2 c5 4. Ngf3 Nc6 5. Bb5 a6 6. Bxc6+ bxc6 7. O-O Nf6 8. Re1 Be7 9. c3 O-O 10. Qc2 a5 11. a4 Ba6 12. b3 cxd4 13. cxd4 dxe4 14.
Nxe4 Nd5 15. Ba3 Bxa3 16. Rxa3 Nb4 17. Qc3 Qd5 18. Nc5 Rfd8 19. Raa1 Rab8 20. h3 Qf5 21. Re5 Qf6 22. Nxa6 Nxa6 23. Rxa5 Nb4 24. Ne5 Nd5 25. Qg3 Nf4 26. Re1 Rxd4 27. Nxc6 Rd3 28. Nxb8 Rxg3 29. fxg3 Qd4+ 30. Kh2 Qd2 31. gxf4 Qxa5 32.
Rd1 h5 33. Nc6 Qc3 34. Nd4 Qe3 35. Kh1 Qxf4 36. a5 Qd6 37. Rd2 Qb4 38. Nf3 Qxa5 39. Kh2 Qc7+ 40. Kh1 Qf4 41. Rd4 Qc1+ 42. Kh2 Qe3 43.
b4 e5 44. Rd8+ Kh7 45. h4 Qf4+ 46. Kh1 e4 47. Ng5+ Kg6 48. Nh3 Qxh4 49. Rd1 e3 0-1

[Event "Late-Titled-Tuesday-Blitz-August-29-2023"]
[Site "Chess.com"]
[Date "2023.08.29"]
[Round "6"]
[White "Quattroporte300"]
[Black "vladgoncharov"]
[Result "1-0"]
[WhiteElo "2404"]
[BlackElo "2497"]
[TimeControl "180+1"]
[EndTime "15:05:56 PDT"]
[Termination "Quattroporte300 won on time"]

1. e4 e6 2. d4 d5 3. Nd2 Be7 4. Bd3 c5 5. exd5 Qxd5 6. Ngf3 cxd4 7. Nb3 Nc6 8. Nbxd4 Nxd4 9. Nxd4 Qxg2 10. Bb5+ Kf8 11.
Rf1 e5 12. Ne2 Bg4 13. Qd3 Rd8 14. Qe3 Qd5 15. Bd3 Bb4+ 16. Nc3 e4 17. Bd2 Bxc3 18. Bxc3 exd3 19. Bb4+ Ne7 20. Bxe7+ Kg8 21. Bxd8 h5 22. Bg5 dxc2 23. Qd2 Qe4+ 24. Be3 Kh7 25. f3 Bxf3 26. Kf2 Qf5 27. Bf4 Be4 28. Kg1 Re8 29. Bg3 Qc5+ 30.
Qf2 Qc6 31. Qxf7 Re6 32. Qxh5+ Rh6 33. Qe2 Rg6 34. Rae1 Bd5 35. Qh5+ Kg8 36. Qf5 Qc5+ 37. Qf2 Qb4 38. Qxc2 Qd4+ 39. Qf2 Qb4 40. Re8+ Kh7 41. Qe3 Bc6 42. Qf2 1-0

[Event "Late-Titled-Tuesday-Blitz-August-29-2023"]
[Site "Chess.com"]
[Date "2023.08.29"]
[Round "6"]
[White "Cipy77"]
[Black "Dzidzik2203"]
[Result "1-0"]
[WhiteElo "2544"]
[BlackElo "2345"]
[TimeControl "180+1"]
[EndTime "15:05:56 PDT"]
[Termination "Cipy77 won by checkmate"]

1. a3 g6 2. c4 Bg7 3. e3 d6 4. Nc3 e5 5. d3 f5 6. Nf3 Nf6 7. Be2 O-O 8. O-O h6 9. b4 g5 10.
Rb1 Nc6 11. Nd5 Ne7 12. Nxe7+ Qxe7 13. d4 e4 14. Nd2 c6 15. f4 exf3 16. Nxf3 Ng4 17.
Rb3 a5 18. h3 Nf6 19. Bd3 Ne4 20. b5 cxb5 21. Qc2 bxc4 22. Bxc4+ Kh8 23. Bd5 Nf6 24. Bc4 d5 25. Bd3 Ne4 26. Ne5 Kh7 27. Bb2 Be6 28.
Rb6 Rfc8 29. Qd1 Rc7 30. Qh5 Bxe5 31. dxe5 Rc6 32. Rb5 Rc5 33. Rb6 Rc6 34. Rb5 Rf8 35.
Bd4 Rf7 36. a4 Qa3 37. Bxe4 dxe4 38. Rfb1 Rc1+ 39. Rxc1 Qxc1+ 40. Kh2 f4 41. Rb6 Qc4 42. h4 g4 43. exf4 Re7 44. Be3 Rf7 45. f5 Bxf5 46. Rxh6+ Kg8 47. Rh8+ Kg7 48. Qh6# 1-0

[Event "Late-Titled-Tuesday-Blitz-August-29-2023"]
[Site "Chess.com"]
[Date "2023.08.29"]
[Round "6"]
[White "js20000"]
[Black "Cambek64"]
[Result "1-0"]
[WhiteElo "2645"]
[BlackElo "2487"]
[TimeControl "180+1"]
[EndTime "15:05:57 PDT"]
[Termination "js20000 won on time"]

1. b3 e5 2. Bb2 d6 3. e4 Nc6 4. Bc4 Nf6 5. d3 Be7 6. Nf3 O-O 7. O-O Na5 8. Nc3 Nxc4 9. dxc4 Bg4 10. h3 Bh5 11. Qd3 Nd7 12. Nd5 Nc5 13. Qe3 f6 14. Nh4 Bg6 15. Nf5 Bxf5 16. exf5 c6 17. Nxe7+ Qxe7 18. Ba3 Rfd8 19. Rad1 a5 20. Rd2 b6 21. Rfd1 Rd7 22.
Bxc5 bxc5 23. a4 Raa7 24. Rd3 Ra8 25. Qd2 Rad8 26. Qxa5 d5 27. Qe1 d4 28. Qe4 Qd6 29.
Ra1 Ra8 30. g4 Kf7 31. h4 Ra6 32. Kh1 g6 33. Rg1 Kg7 34. fxg6 h6 35. h5 Qe6 36. Re1 Re7 37. Qf5 Qxf5 38. gxf5 e4 39. Rf3 Re5 40. Rf4 e3 41. fxe3 dxe3 42. Kg2 Ra7 43. Kf3 Rae7 44. Ke2 Rd7 45. Rd1 Rde7 46. Rd3 Kf8 47. Rf3 Kg7 48. Rdxe3 1-0

[Event "Late-Titled-Tuesday-Blitz-August-29-2023"]
[Site "Chess.com"]
[Date "2023.08.29"]
[Round "6"]
[White "ExchangeAB"]
[Black "Leo_C"]
[Result "1/2-1/2"]
[WhiteElo "2436"]
[BlackElo "2567"]
[TimeControl "180+1"]
[EndTime "15:05:58 PDT"]
[Termination "Game drawn - insufficient material"]

1. d4 Nf6 2. Nc3 d6 3. e4 g6 4. Nf3 Bg7 5. Be3 c6 6. h3 b5 7. a3 Qc7 8. e5 Nfd7 9. e6 fxe6 10. Ng5 Nf6 11. Qf3 h6 12. Nge4 Nbd7 13. Nxb5 Qa5+ 14.
Bd2 Qb6 15. Nexd6+ exd6 16. Nxd6+ Kf8 17. Bb4 Kg8 18.
Bc4 Nf8 19. c3 Qc7 20. O-O-O a5 21. Bc5 Ba6 22. Bxa6 Rxa6 23. Rhe1 Ra8 24. Ne4 Nxe4 25. Qxe4 Kh7 26. h4 Rc8 27. h5 Qf7 28. Bxf8 Rhxf8 29. hxg6+ Qxg6 30. Qxg6+ Kxg6 31. Rxe6+ Kf7 32. Rde1 Rfe8 33. Rxe8 Rxe8 34. Rxe8 Kxe8 35. b4 a4 36. Kd2 Kd7 37.
Kd3 Ke6 38. Ke4 Bf8 39. f4 h5 40. g3 Bd6 41. Kf3 Kf5 42. Ke3 Bf8 43. Kf3 Be7 44. Ke3 h4 45. gxh4 Bxh4 46. c4 Bg3 47. b5 Bxf4+ 48.
Kd3 cxb5 49. cxb5 Bd6 50. b6 Bxa3 51. Kc3 Ke6 52. b7 Bd6 53. b8=Q Bxb8 54. Kb4 Kd5 55. Kxa4 Kxd4 1/2-1/2

[Event "Late-Titled-Tuesday-Blitz-August-29-2023"]
[Site "Chess.com"]
[Date "2023.08.29"]
[Round "6"]
[White "egnfanclub"]
[Black "cthulhuuu"]
[Result "0-1"]
[WhiteElo "2308"]
[BlackElo "2482"]
[TimeControl "180+1"]
[EndTime "15:05:58 PDT"]
[Termination "cthulhuuu won on time"]

1. e4 d6 2. Nc3 Nf6 3. f4 c5 4. Nf3 Nc6 5. Bc4 e6 6. O-O Be7 7. d3 O-O 8. Bb3 d5 9. e5 Nd7 10. Qe1 Nd4 11. Nxd4 cxd4 12. Ne2 Qb6 13. Qf2 f6 14.
exf6 Bxf6 15. a4 Nc5 16. a5 Qb4 17. Ba2 Kh8 18. c3 dxc3 19. bxc3 Qxa5 20. Bd2 Nxd3 21.
Qe3 Qb6 22. Nd4 Nc5 23. Rab1 Qa6 24. Ra1 Qd3 25. Qe1 Ne4 26. Rd1 Bd7 27. Bb1 Qc4 28. Bxe4 dxe4 29. Qxe4 Bc6 30. Qe3 Bd5 31. Nf3 Bxf3 32.
Rxf3 a5 33. Rh3 a4 34. Rb1 a3 35. Qf3 a2 36. Ra1 Rfd8 37. Be1 b5 38. Qh5 Qe4 39.
Bf2 b4 40. Re3 Qf5 41. Qxf5 exf5 42. Re2 Bxc3 43. Raxa2 Rxa2 44. Rxa2 Rd1+ 0-1

[Event "Late-Titled-Tuesday-Blitz-August-29-2023"]
[Site "Chess.com"]
[Date "2023.08.29"]
[Round "6"]
[White "geordie_derraugh"]
[Black "bazar-wokzal"]
[Result "1-0"]
[WhiteElo "2432"]
[BlackElo "2556"]
[TimeControl "180+1"]
[EndTime "15:06:00 PDT"]
[Termination "geordie_derraugh won by resignation"]

1. e4 g5 2. h4 d5 3. exd5 g4 4. Nc3 Nf6 5. Bc4 Nbd7 6. Qe2 Nb6 7. Bb5+ Bd7 8. d4 Nbxd5 9. Bxd7+ Qxd7 10. Bg5 Nxc3 11. bxc3 O-O-O 12. Qc4 Ne4 13. Qxf7 Nxc3 14. Be3 e5 15. Qxd7+ Rxd7 16. dxe5 Bb4 17. Kf1 Re8 18. f4 gxf3 19. Nxf3 Nd5 20. Bg5 Bc3 21. Rb1 b5 22. Rxb5 Nb4 23. Kf2 Nxc2 24. Rhb1 Nb4 25. R5xb4 Bxb4 26. Rxb4 c5 27. Rc4 Rc7 28. Ke3 Kb7 29.
Ke4 Kb6 30. Be3 Kb5 31. Rc2 c4 32. Nd4+ Kb4 33. Bd2+ Ka4 34. g4 Rec8 35. Bc3 a6 36. Rb2 Ka3 37. Nc2+ Ka4 38. Rb4+ Ka5 39. e6 Rc6 40. e7 Re6+ 41. Kf3 Rxe7 42. Rb7+ Ka4 43. Rxe7 h5 44. g5 a5 45. Ra7 Rc5 46. Bxa5 Kb5 47. Nd4+ Ka4 48. Bc3+ 1-0

[Event "Late-Titled-Tuesday-Blitz-August-29-2023"]
[Site "Chess.com"]
[Date "2023.08.29"]
[Round "6"]
[White "Veleamater"]
[Black "rikchessmx"]
[Result "0-1"]
[WhiteElo "2283"]
[BlackElo "2438"]
[TimeControl "180+1"]
[EndTime "15:06:00 PDT"]
[Termination "rikchessmx won by resignation"]

1. g3 g6 2. Bg2 Bg7 3. d3 d6 4.
Nc3 c5 5. e4 Nf6 6. f4 Nc6 7.
Nf3 O-O 8. O-O a6 9. a4 Qc7 10. h3 Bd7 11. g4 Rfd8 12. Ne2 h5 13. g5 Nh7 14. Ng3 e6 15. Nh4 d5 16. e5 Nd4 17.
c3 Nc6 18. d4 Ne7 19. Be3 c4 20. a5 b5 21. axb6 Qxb6 22. Rf2 a5 23. f5 exf5 24. Bf3 Be8 25. Ng2 a4 26. Nf4 Qb3 27. h4 Qxd1+ 28. Bxd1 Rdb8 29. Bf3 Bc6 30. e6 fxe6 31. Nxe6 Nf8 32.
Nxg7 Kxg7 33. Bf4 Rb7 34. Be5+ Kf7 35. Ne2 Nd7 36. Nf4 Nxe5 37. dxe5 Rab8 38. Rd1 Rxb2 39. Rxb2 Rxb2 40. Bxd5+ Nxd5 41. Nxd5 a3 42. Nb4 Be4 43. Rd6 Rxb4 44. cxb4 a2 45. Ra6 Bb1 46. Kf2 c3 47. Ke3 c2 48. Kd2 f4 49. b5 f3 50.
b6 Ke7 51. b7 f2 52. b8=Q c1=Q+ 53. Kxc1 f1=Q+ 54. Kb2 Qxa6 55. Ka1 Qc6 56. Qa7+ Ke6 57. Qd4 Qd5 58. Qb6+ Kxe5 59. Qc7+ Qd6 60. Qg7+ Kf5 61. Qf7+ Kg4 62. Qf6 Qf4 63. Qb6 Qe5+ 64. Qb2 Qxb2+ 65. Kxb2 Kxh4 0-1

[Event "Late-Titled-Tuesday-Blitz-August-29-2023"]
[Site "Chess.com"]
[Date "2023.08.29"]
[Round "6"]
[White "Anton_Demchenko"]
[Black "karinachess1"]
[Result "1-0"]
[WhiteElo "2919"]
[BlackElo "2608"]
[TimeControl "180+1"]
[EndTime "15:06:01 PDT"]
[Termination "Anton_Demchenko won by resignation"]

1. e4 e5 2. Nf3 Nc6 3. Bc4 Nf6 4. d3 h6 5. Nc3 d6 6. a4 g5 7. h4 g4 8. Nh2 Bg7 9. Nf1 Be6 10. Ng3 Qd7 11.
a5 a6 12. Be3 O-O-O 13. O-O Ne7 14. Bxe6 Qxe6 15. b4 d5 16. Bd2 d4 17. Na4 Nd7 18. Rb1 c6 19. Nc5 Nxc5 20. bxc5 h5 21. f4 gxf3 22.
Qxf3 f6 23. Nxh5 Rdg8 24. Nxf6 Bxf6 25. Qxf6 Qg4 26. Rf2 Ng6 27. Qf7 Qd7 28. Qxd7+ Kxd7 29. Rxb7+ Ke6 30. Rc7 Rc8 31. Rxc8 Rxc8 32. Bg5 Nf8 33. Rf6+ Kd7 34. h5 Rb8 35. h6 Ke8 36. Rf5 Nh7 37. Rxe5+ Kf7 38. Rf5+ Kg6 39. Bf4 Rb1+ 40. Kh2 Rb2 41. Re5 Rxc2 42. Re6+ Kh5 43. Rxc6 Rc3 44. Rc7 Kg6 45. Rg7+ Kh5 46. Rxh7 Rxd3 47. Rd7 1-0

[Event "Late-Titled-Tuesday-Blitz-August-29-2023"]
[Site "Chess.com"]
[Date "2023.08.29"]
[Round "6"]
[White "Andrei_Skvortsov"]
[Black "Mourinho_Jose"]
[Result "1/2-1/2"]
[WhiteElo "2659"]
[BlackElo "2505"]
[TimeControl "180+1"]
[EndTime "15:06:01 PDT"]
[Termination "Game drawn - insufficient material"]

1. e4 e5 2. d4 Nf6 3. Nc3 exd4 4. Qxd4 Nc6 5. Qd3 Bb4 6. Bd2 O-O 7. O-O-O Re8 8. Nge2 Ne5 9. Qg3 Nc4 10. Bg5 c6 11. a3 Be7 12. Nd4 Nh5 13. Bxe7 Qxe7 14. Nf5 Nxg3 15. Nxe7+ Rxe7 16. hxg3 Nb6 17. f4 d5 18. exd5 cxd5 19. Nxd5 Nxd5 20. Rxd5 Be6 21. Re5 Rc7 22. Bd3 h6 23. f5 Bd7 24. f6 Re8 25. Rxe8+ Bxe8 26. fxg7 Kxg7 27. Rh4 Bc6 28. Rg4+ Kf6 29. Rf4+ Kg5 30. Bc4 f6 31. Bf1 Re7 32. Kd2 Re4 33. Rf2 Rg4 34. Bd3 Rxg3 35. Rf5+ Kg4 36.
Rxf6 Rxg2+ 37. Ke3 Kg5 38. Rg6+ Kh5 39. Rf6 Kg5 40. Rf7 h5 41. Rg7+ Kf6 42. Rh7 Kg5 43.
b4 h4 44. b5 Rg3+ 45. Kd4 Bf3 46. Ke5 h3 47. Rg7+ Kh4 48. Rh7+ Kg5 49. a4 Bg2 50. Rg7+ Kh4 51. Rh7+ Kg5 52. Be2 Re3+ 53. Kd4 Rxe2 54.
c4 Rc2 55. c5 Kg4 56. a5 Kg3 57. Rg7+ Kf2 58. c6 bxc6 59. Rf7+ Kg1 60. bxc6 Rxc6 61. Rxa7 Ra6 62. Rxa6 h2 63. Rh6 h1=Q 64. Rxh1+ Bxh1 65. a6 Bg2 66. a7 Bf3 67. Kc5 Bg2 68. Kb6 Bf3 69. Kc7 Bg2 70. a8=Q Bxa8 1/2-1/2